cohdb
Replays
Latest Replays
All Replays
Popular Replays
Top Player Replays
Match Explorer
How It Works
Community
CoH3 Stats
Reddit
Sign in to upload your games and track your stats! →
Sign in with Steam
Match 43754036
Unlisted
Match 43754036
Overview
Messages
Build Orders
End
Kettenkrad Recon Vehicle
Construct Infanterie Kompanie
Selects Breakthrough Battlegroup
MG 42 Machine Gun Team
Grenadier Squad
Grenadier Squad
Construct Luftwaffe Kompanie
Jäger Squad
221 Scout Car
Selects Assault Grenadiers
Selects Smoke Bombing Run
Selects Mechanized Assault Group
Mechanized Assault Group
Medical Station
Support Elements
Wirbelwind Flakpanzer
Flak 30 Anti-aircraft Gun Team
Marder III M Tank Destroyer
Pioneer Squad
Selects 2.5-tonne Cargo Truck
Selects Blitzkrieg
Jäger Squad
Selects Tiger Heavy Tank
Tiger Heavy Tank
12azzmatazz
FLOKL
MähnGiL
Barbarossa
0
0
Comments
sign in to comment!
No comments posted yet!